[Event "*** Titled Tuesday Blitz"]
[Site "Chess.com"]
[Date "2019.12.03"]
[Round "2"]
[White "Jenia84"]
[Black "Tiqr777"]
[Result "0-1"]
[WhiteElo "2206"]
[BlackElo "2637"]
[TimeControl "180+2"]
[EndTime "13:17:51 PST"]
[Termination "Tiqr777 won by resignation"]

1. e4 g6 2. d4 Bg7 3. Nc3 d6 4. Nf3 Nf6 5. Be3 O-O 6. Bd3 Nc6 7. Qd2 e5 8. Ne2 exd4 9. Nexd4 d5 10. Nxc6 bxc6 11.
e5 Ng4 12. O-O-O Nxe3 13. Qxe3 Bg4 14. Qc5 Qd7 15. Rhe1 Rfe8 16. Ba6 Rab8 17. Qc3 Rb6 18. Bf1 Bxf3 19. gxf3 Qf5 20. Qa3 Rxe5 21. Qxa7 Qf4+ 22. Kb1 Rxb2+ 23. Kxb2 Rxe1+ 0-1

[Event "*** Titled Tuesday Blitz"]
[Site "Chess.com"]
[Date "2019.12.03"]
[Round "2"]
[White "Kislov_Oleg"]
[Black "Everyfishknows"]
[Result "1-0"]
[WhiteElo "2521"]
[BlackElo "2299"]
[TimeControl "180+2"]
[EndTime "13:17:51 PST"]
[Termination "Kislov_Oleg won by resignation"]

1. e4 e5 2. Nf3 Nc6 3. d4 exd4 4. Nxd4 Bb4+ 5. c3 Bc5 6. Be3 Bb6 7. Bc4 Nf6 8. Nxc6 bxc6 9. e5 Nd5 10. Bxd5 cxd5 11. Qg4 Bxe3 12. Qxg7 Rf8 13. fxe3 Qh4+ 14.
Qg3 Qe4 15. O-O Ba6 16. Nd2 Qg6 17. Rf6 Qxg3 18. hxg3 Ke7 19. Rxa6 c6 20. Nf3 Rg8 21. Kf2 Rg4 22. Rh1 Rag8 23. Rh3 h5 24. Rxa7 h4 25. Nxh4 R8g5 26. Nf3 Rf5 27. Rh4 Rg8 28. Rf4 Rh5 29.
Nd4 Rb8 30. Nxc6+ 1-0

[Event "*** Titled Tuesday Blitz"]
[Site "Chess.com"]
[Date "2019.12.03"]
[Round "2"]
[White "Faustregel"]
[Black "pedromartinez91"]
[Result "1-0"]
[WhiteElo "2740"]
[BlackElo "2512"]
[TimeControl "180+2"]
[EndTime "13:17:55 PST"]
[Termination "Faustregel won by resignation"]

1. e4 e6 2. d4 d5 3. Nd2 Nf6 4.
e5 Ne4 5. Bd3 Nxd2 6. Bxd2 c5 7.
c3 cxd4 8. cxd4 Qb6 9. Nf3 Bd7 10.
O-O Bb5 11. Bxb5+ Qxb5 12. b4 Nd7 13. a4 Qb6 14. Qe2 Be7 15. a5 Qd8 16. Rfc1 O-O 17. Qb5 Rb8 18. Rc2 a6 19. Qf1 Rc8 20. Rxc8 Qxc8 21.
Rc1 Qd8 22. b5 Nb8 23. b6 Nc6 24. Rxc6 bxc6 25. Qxa6 c5 26. Qb5 c4 27. a6 Qb8 28.
b7 Qa7 29. Ba5 Bd8 30. b8=Q 1-0

[Event "*** Titled Tuesday Blitz"]
[Site "Chess.com"]
[Date "2019.12.03"]
[Round "2"]
[White "Kildepiotr"]
[Black "SHIVACalypso"]
[Result "1-0"]
[WhiteElo "2525"]
[BlackElo "2295"]
[TimeControl "180+2"]
[EndTime "13:18:06 PST"]
[Termination "Kildepiotr won by resignation"]

1. Nf3 Nf6 2. g3 g6 3. Bg2 Bg7 4. O-O O-O 5. d4 d5 6. c4 dxc4 7. Na3 c3 8. bxc3 c5 9. Qb3 Nc6 10. Rd1 Qb6 11. Nc4 Qxb3 12. axb3 cxd4 13. cxd4 Bf5 14. Ne1 Be4 15. Ba3 Rfd8 16. e3 Bxg2 17.
Kxg2 Nd5 18. Nd3 e6 19. Nc5 b6 20. Ne4 Bf8 21. Bxf8 Kxf8 22. Rdc1 Ncb4 23. Ne5 a5 24. Ng5 Ra7 25. Nxh7+ Ke7 26. Ng5 Kf6 27. Ne4+ Kf5 28. Kf3 1-0

[Event "*** Titled Tuesday Blitz"]
[Site "Chess.com"]
[Date "2019.12.03"]
[Round "2"]
[White "yavrukurt40"]
[Black "ChainsOfFantasia"]
[Result "1-0"]
[WhiteElo "2757"]
[BlackElo "2523"]
[TimeControl "180+2"]
[EndTime "13:18:09 PST"]
[Termination "yavrukurt40 won by resignation"]

1. e4 e6 2. c4 d5 3. cxd5 exd5 4. exd5 Nf6 5. Bc4 Nxd5 6. Qb3 c6 7. Nc3 Be7 8. Nge2 O-O 9. Nxd5 cxd5 10. Bxd5 Nc6 11. O-O Bf6 12. d4 Bg4 13. Bf3 Bxf3 14. Qxf3 Nxd4 15. Nxd4 Qxd4 16. Rb1 b6 17. Be3 Qa4 18.
a3 Rad8 19. g3 Rfe8 20. Qf5 Qe4 21. Qb5 Qd5 22. Qa6 Rd7 23. b4 Qb7 24. Qb5 g6 25.
Rbc1 Rc8 26. Rxc8+ Qxc8 27. Rc1 Rc7 28. Rd1 Kg7 29. Rd6 Qe8 30. Qxe8 1-0

[Event "*** Titled Tuesday Blitz"]
[Site "Chess.com"]
[Date "2019.12.03"]
[Round "2"]
[White "TST2014"]
[Black "LonesomeGeorge1"]
[Result "0-1"]
[WhiteElo "2511"]
[BlackElo "2317"]
[TimeControl "180+2"]
[EndTime "13:18:18 PST"]
[Termination "LonesomeGeorge1 won by checkmate"]

1. d4 Nf6 2. c4 e6 3. Nf3 d5 4. Nc3 a6 5. c5 b6 6. cxb6 cxb6 7. Bf4 Bd6 8. e3 O-O 9. Ne5 Bb7 10. Bd3 Nc6 11. Qf3 Rc8 12. Qh3 g6 13. Qh6 Nxe5 14. Bxe5 Bxe5 15. dxe5 Nd7 16. f4 Nc5 17. Bc2 d4 18.
O-O-O d3 19. h4 Bxg2 20. Rh2 Bf3 21. Rg1 dxc2 22. h5 Qd1+ 23. Rxd1 cxd1=Q+ 24. Nxd1 Nb3+ 25. Kb1 Rc1# 0-1

[Event "*** Titled Tuesday Blitz"]
[Site "Chess.com"]
[Date "2019.12.03"]
[Round "2"]
[White "Joshukid"]
[Black "Eltaj_Safarli"]
[Result "0-1"]
[WhiteElo "2622"]
[BlackElo "2988"]
[TimeControl "180+2"]
[EndTime "13:18:23 PST"]
[Termination "Eltaj_Safarli won by resignation"]

1. Nf3 Nf6 2. c4 g6 3. g3 c5 4. Bg2 Bg7 5. Nc3 Nc6 6. O-O O-O 7. Ne1 b6 8. a3 Bb7 9. b4 Rb8 10. Nc2 Nd4 11. Bxb7 Rxb7 12. e3 Nxc2 13. Qxc2 d5 14. cxd5 Nxd5 15. Bb2 cxb4 16. Nxd5 Qxd5 17. Bxg7 Kxg7 18.
axb4 h5 19. Rfc1 h4 20. Qc6 Qxc6 21. Rxc6 h3 22. d4 e5 23. dxe5 Rd8 24. e6 fxe6 25.
Rxe6 Rd2 26. Re4 Rbd7 27. Kf1 g5 28. Rd4 R7xd4 29. exd4 Rxd4 30. Rxa7+ Kg6 31. Ra4 b5 32. Ra6+ Kh5 33. f3 g4 34. Rf6 Rxb4 35. Rf5+ Kg6 36.
fxg4 Rb2 37. Kg1 b4 38. Rb5 b3 39. g5 Rg2+ 40. Kf1 b2 0-1

[Event "*** Titled Tuesday Blitz"]
[Site "Chess.com"]
[Date "2019.12.03"]
[Round "2"]
[White "Ceejay271"]
[Black "Alexander_Moskalenko"]
[Result "0-1"]
[WhiteElo "2357"]
[BlackElo "2840"]
[TimeControl "180+2"]
[EndTime "13:18:23 PST"]
[Termination "Alexander_Moskalenko won by resignation"]

1. Nf3 d5 2. d4 c6 3. c4 Nf6 4. cxd5 cxd5 5. Nc3 Nc6 6. Bf4 a6 7. Rc1 Bg4 8. Ne5 e6 9. Nxg4 Nxg4 10. e3 Nf6 11. Bd3 Bd6 12. Bg5 h6 13. Bh4 O-O 14. O-O Be7 15. a3 Ne8 16. Bg3 Bd6 17. Na4 Bxg3 18.
hxg3 Nd6 19. Nc5 Ne7 20. b4 a5 21. b5 b6 22. Nb3 Qd7 23. a4 Rfc8 24. Qe2 Rxc1 25.
Rxc1 Rc8 26. Rxc8+ Qxc8 27. Qc2 Qb8 28. Nd2 g5 29. g4 Kg7 30. f3 Ng8 31. e4 Ne7 32.
e5 Ne8 33. Nf1 f6 34. exf6+ Nxf6 35. Kf2 Qf4 36. Qc3 Nxg4+ 37. Ke2 Nf6 38. g3 Qd6 39. Kf2 Qb8 40. Ne3 Qc8 41. Qd2 Qc7 42. Bb1 Kf7 43. Qd3 Qc1 44. Ng4 Nxg4+ 45. fxg4 Ke8 46.
Qh7 Qd2+ 47. Kf3 Qxd4 48. Bg6+ Kd7 49. Qxh6 Qf6+ 0-1

[Event "*** Titled Tuesday Blitz"]
[Site "Chess.com"]
[Date "2019.12.03"]
[Round "2"]
[White "bait_or_mate"]
[Black "Dr-Bassem"]
[Result "0-1"]
[WhiteElo "2548"]
[BlackElo "2790"]
[TimeControl "180+2"]
[EndTime "13:18:31 PST"]
[Termination "Dr-Bassem won by resignation"]

1. d4 e6 2. c4 f5 3. Nc3 Nf6 4. g3 Be7 5. Bg2 O-O 6. Nf3 d6 7. O-O Qe8 8. Re1 Ne4 9. Qc2 Qg6 10. Nd2 Nxc3 11. Qxc3 Bf6 12. e4 c5 13. exf5 Qxf5 14. Be4 cxd4 15. Qd3 Qh5 16. f4 Na6 17. Bf3 Qa5 18.
Qe2 Nb4 19. Nb3 Qb6 20. Qg2 d3+ 21. Be3 Qa6 22. Red1 Nc2 23. Rac1 Nxe3 0-1

[Event "*** Titled Tuesday Blitz"]
[Site "Chess.com"]
[Date "2019.12.03"]
[Round "2"]
[White "przemekpiotrowski"]
[Black "Sjakkerntobi"]
[Result "1-0"]
[WhiteElo "2439"]
[BlackElo "2133"]
[TimeControl "180+2"]
[EndTime "13:18:42 PST"]
[Termination "przemekpiotrowski won by checkmate"]

1. d4 Nf6 2. Nf3 e6 3. g3 c5 4. Bg2 Nc6 5. O-O Be7 6. c4 cxd4 7. Nxd4 O-O 8. Nc3 a6 9. b3 Qc7 10. Bb2 b6 11. Rc1 Bb7 12. Nd5 exd5 13. cxd5 Nxd5 14. Bxd5 Bc5 15. Nf5 Nb4 16. Bxb7 Qxb7 17. Bxg7 Nxa2 18. Bf6 Rfd8 19. Qd2 Re8 20. Qg5+ Kf8 21. Qg7# 1-0

[Event "*** Titled Tuesday Blitz"]
[Site "Chess.com"]
[Date "2019.12.03"]
[Round "2"]
[White "Noam_Vitenberg"]
[Black "maciek_92"]
[Result "0-1"]
[WhiteElo "2352"]
[BlackElo "2771"]
[TimeControl "180+2"]
[EndTime "13:18:43 PST"]
[Termination "maciek_92 won by resignation"]

1. d4 Nf6 2. c4 e6 3. Nc3 Bb4 4. Qc2 O-O 5. Nf3 d5 6. cxd5 Bxc3+ 7. Qxc3 Ne4 8. Qc2 exd5 9. Bf4 Nc6 10. e3 Bf5 11.
Qb3 Na5 12. Qd1 Qe7 13. Qa4 b6 14. Be2 Bd7 15. Qb4 Qxb4+ 16. Kf1 Qxb2 17. Re1 c5 18. dxc5 bxc5 19. g3 Bh3+ 20. Kg1 Nc4 21. Ng5 Nxg5 22. Bxg5 Qd2 0-1

[Event "*** Titled Tuesday Blitz"]
[Site "Chess.com"]
[Date "2019.12.03"]
[Round "2"]
[White "ChessWarrior7197"]
[Black "Region_07"]
[Result "1/2-1/2"]
[WhiteElo "2924"]
[BlackElo "2375"]
[TimeControl "180+2"]
[EndTime "13:18:48 PST"]
[Termination "Game drawn by repetition"]

1. e4 Nc6 2. d4 d5 3. e5 f6 4. f4 Bf5 5. c3 e6 6. Nf3 Be7 7. Bd3 Nh6 8. O-O O-O 9. a4 Qe8 10. Bxf5 Nxf5 11. Qd3 fxe5 12. fxe5 Qg6 13. Na3 Nfxd4 14. Qxg6 Nxf3+ 15. Rxf3 hxg6 16. Rxf8+ Rxf8 17. Nb5 Bd8 18. Be3 a6 19. Nd4 Nxd4 20. Bxd4 c6 21.
b4 Be7 22. Rb1 Rc8 23. Kf2 Kf7 24. Ke3 Rb8 25. a5 Rf8 26. Ke2 Kg8 27. g3 Rf5 28.
g4 Rf4 29. h3 Bd8 30. Rf1 Rxf1 31. Kxf1 Kf7 32. Ke2 Bc7 33. Kd3 Ke7 34. Bc5+ Kd7 35.
Kd4 Ke8 36. Ba7 Kd7 37. Bc5 Ke8 38. Ba7 Kd7 39. Bc5 1/2-1/2

[Event "*** Titled Tuesday Blitz"]
[Site "Chess.com"]
[Date "2019.12.03"]
[Round "2"]
[White "Manukyan_Artak"]
[Black "LawrenceTrent"]
[Result "0-1"]
[WhiteElo "2335"]
[BlackElo "2662"]
[TimeControl "180+2"]
[EndTime "13:18:50 PST"]
[Termination "LawrenceTrent won by resignation"]

1. e4 g6 2. d4 Nf6 3. e5 Nh5 4. Be2 d6 5. Bxh5 gxh5 6. f4 Rg8 7. g3 h4 8. Ne2 dxe5 9. fxe5 Nc6 10. c3 Bg4 11.
Qb3 Qd7 12. Rf1 O-O-O 13. Bf4 Bg7 14. Nd2 Bxe5 15. dxe5 Nxe5 16. Kd1 Qd3 17. Re1 Nf3 18. Qc2 Nxe1 19. Qxd3 Nxd3 20. Kc2 Bxe2 0-1

[Event "*** Titled Tuesday Blitz"]
[Site "Chess.com"]
[Date "2019.12.03"]
[Round "2"]
[White "jmduque"]
[Black "Kawhi_Leonard2"]
[Result "0-1"]
[WhiteElo "2479"]
[BlackElo "2294"]
[TimeControl "180+2"]
[EndTime "13:18:50 PST"]
[Termination "Kawhi_Leonard2 won by resignation"]

1. e4 c5 2. Nf3 d6 3. d4 cxd4 4. Nxd4 Nf6 5. Nc3 g6 6. Be3 Bg7 7. f3 O-O 8. Qd2 Nc6 9. O-O-O d5 10. exd5 Nxd5 11. Nxc6 bxc6 12. Bd4 Bxd4 13. Qxd4 Qb6 14. Na4 Qc7 15. Nc5 Rd8 16. Bc4 Rd6 17. Ne4 Rd8 18. Bb3 Bf5 19. g4 Bxe4 20. Qxe4 Qf4+ 21. Qxf4 Nxf4 22. Rhe1 e6 23. Bc4 Kg7 24. c3 g5 25.
Kc2 Kf6 26. b4 h5 27. a4 hxg4 28. fxg4 Rxd1 29. Rxd1 Rh8 30. Rd2 Rh4 31. a5 Rxg4 32.
Rd7 Rg2+ 33. Kb3 Rxh2 34. a6 g4 35. Rxa7 g3 36. Bf1 Rf2 37. Ra8 Rxf1 38. Rg8 g2 39. a7 Ra1 40. Rg4 0-1

[Event "*** Titled Tuesday Blitz"]
[Site "Chess.com"]
[Date "2019.12.03"]
[Round "2"]
[White "crazy_machine"]
[Black "Satscho"]
[Result "1-0"]
[WhiteElo "2648"]
[BlackElo "2325"]
[TimeControl "180+2"]
[EndTime "13:18:57 PST"]
[Termination "crazy_machine won by resignation"]

1. d4 g6 2. Nc3 Bg7 3. e4 d6 4. f4 a6 5. Nf3 b5 6. Bd3 Nd7 7. O-O Bb7 8. f5 c5 9. d5 Qc7 10. Be3 Nh6 11. fxg6 hxg6 12. h3 Ne5 13. Nxe5 Bxe5 14.
Qf3 Bf6 15. e5 dxe5 16. Ne4 O-O-O 17. Nxf6 exf6 18. Qxf6 Bxd5 19. Qxa6+ Qb7 20. Qxb7+ Kxb7 21. Bxb5 Nf5 22. Bxc5 Nh4 23. c4 Be6 24. a4 f5 25.
a5 Rd2 26. a6+ Kc7 27. Rf2 Rhd8 28. a7 Rxf2 29. Bxf2 1-0

[Event "*** Titled Tuesday Blitz"]
[Site "Chess.com"]
[Date "2019.12.03"]
[Round "2"]
[White "INLOVEWITHF"]
[Black "MateusViageiro"]
[Result "0-1"]
[WhiteElo "2427"]
[BlackElo "2178"]
[TimeControl "180+2"]
[EndTime "13:18:57 PST"]
[Termination "MateusViageiro won by checkmate"]

1. e4 c5 2. Nf3 d6 3. d4 cxd4 4. Nxd4 Nf6 5. Nc3 a6 6. h3 e5 7. Nb3 Be6 8. f4 exf4 9. Bxf4 Nc6 10. Qe2 Be7 11. O-O-O Qc7 12. g4 O-O 13. Nd5 Bxd5 14. exd5 Nb4 15. Qc4 Qxc4 16. Bxc4 Rfc8 17. Rd4 b5 18. Bd3 Nbxd5 19. g5 Nxf4 20. gxf6 Nxd3+ 21. Rxd3 Bxf6 22. Rxd6 a5 23. Rd5 a4 24. Nd2 b4 25.
Ne4 Be7 26. Kb1 Rc4 27. Re5 Kf8 28. Rd1 Rac8 29. c3 bxc3 30. Nxc3 Bf6 31. Rh5 Bxc3 32. bxc3 h6 33. Ra5 Rxc3 34. Rxa4 Rb8+ 35. Ka1 Rxh3 36. Ra7 Rf3 37. a4 Ra3# 0-1

[Event "*** Titled Tuesday Blitz"]
[Site "Chess.com"]
[Date "2019.12.03"]
[Round "2"]
[White "raswi"]
[Black "GoldenShare"]
[Result "0-1"]
[WhiteElo "2231"]
[BlackElo "2458"]
[TimeControl "180+2"]
[EndTime "13:19:02 PST"]
[Termination "GoldenShare won by resignation"]

1. e4 e6 2. d4 d5 3. Nc3 Nc6 4. Nf3 Nf6 5. e5 Ne4 6. Bd3 Bb4 7. Bd2 Nxd2 8. Qxd2 f6 9. a3 Bxc3 10. Qxc3 fxe5 11. dxe5 O-O 12. Qd2 Bd7 13. h4 Rxf3 14. gxf3 Nxe5 15. Qe2 Qf6 16. O-O-O Rf8 17. Rh3 c5 18. Bb5 Bc6 19. Kb1 Nxf3 20. Rdh1 Nd4 21. Qg4 Bxb5 22. h5 Be2 23. Qg3 Bf3 24. Rg1 Ne2 0-1

[Event "*** Titled Tuesday Blitz"]
[Site "Chess.com"]
[Date "2019.12.03"]
[Round "2"]
[White "MarcoRiehle"]
[Black "MFBerna"]
[Result "0-1"]
[WhiteElo "2646"]
[BlackElo "2354"]
[TimeControl "180+2"]
[EndTime "13:19:09 PST"]
[Termination "MFBerna won by resignation"]

1. e4 c5 2. Nf3 d6 3. d4 cxd4 4.
Nxd4 Nf6 5. f3 e5 6. Nb3 Be7 7. c4 Nc6 8. Nc3 Be6 9. Be3 Rc8 10. Qd2 Na5 11. Nd5 Nxc4 12. Bxc4 Rxc4 13. Bxa7 Bxd5 14.
exd5 b6 15. Qd3 Ra4 16. Qb5+ Qd7 17. Qxb6 Qxa7 18. Qb5+ Qd7 19. Qb8+ Bd8 20. O-O O-O 21.
Kh1 Nxd5 22. Rfd1 Be7 23. Qxf8+ Bxf8 24. Rxd5 Qb7 25. Rdd1 f5 26. h3 g5 27. Rd3 h5 28.
a3 d5 29. Rc1 Rc4 30. Rcd1 d4 31. Na5 Qb5 32. Nxc4 Qxc4 33. b4 Bg7 34. R3d2 e4 35. fxe4 fxe4 36. Re1 e3 37. Rdd1 e2 38. Rc1 Qxc1 39.
Rxc1 d3 0-1

[Event "*** Titled Tuesday Blitz"]
[Site "Chess.com"]
[Date "2019.12.03"]
[Round "2"]
[White "PeshkaNavalnogo12"]
[Black "MITerryble"]
[Result "0-1"]
[WhiteElo "2467"]
[BlackElo "2858"]
[TimeControl "180+2"]
[EndTime "13:19:10 PST"]
[Termination "MITerryble won by resignation"]

1. c4 e5 2. g3 Nf6 3. Bg2 c6 4.
d4 Bb4+ 5. Bd2 Bxd2+ 6. Qxd2 d6 7. Nc3 O-O 8. Nf3 e4 9. Nh4 d5 10. cxd5 cxd5 11. f3 Re8 12. fxe4 dxe4 13. O-O e3 14. Qd3 Nc6 15. Rad1 Ng4 16. Be4 Nf2 17. Bxh7+ Kh8 18. Rxf2 exf2+ 19. Kxf2 g6 20. Bxg6 fxg6 21. Nxg6+ Kg7 22.
Nf4 Qg5 23. e4 Bg4 24. Re1 Rf8 25. Qe3 Qh6 26. Kg1 Rad8 27. Ncd5 Rfe8 28. e5 Rf8 29.
Nf6 Rxf6 30. exf6+ Qxf6 31. d5 Nd4 32. Qe7+ Qxe7 33.
Rxe7+ Kf6 34. Rxb7 Rc8 35. Kf2 Nf5 36. Ke1 Rc2 37. h3 Bf3 38. g4 Nd4 39. d6 Bxb7 0-1

[Event "*** Titled Tuesday Blitz"]
[Site "Chess.com"]
[Date "2019.12.03"]
[Round "2"]
[White "Chessmatus"]
[Black "pouya21"]
[Result "0-1"]
[WhiteElo "2387"]
[BlackElo "2711"]
[TimeControl "180+2"]
[EndTime "13:19:22 PST"]
[Termination "pouya21 won by checkmate"]

1. e4 c5 2. Nf3 d6 3. d4 cxd4 4. Nxd4 Nf6 5. Nc3 a6 6. g3 Bd7 7.
Bg2 Nc6 8. Nb3 g6 9. O-O Bg7 10. Nd5 O-O 11. c3 Rc8 12. h3 Ne5 13. Nd4 e6 14.
Nxf6+ Bxf6 15. Qe2 Nc6 16. Nxc6 Bxc6 17. Rd1 Qe7 18. Be3 b5 19. Qd2 Rfd8 20. Bf4 e5 21.
Be3 Qb7 22. Qc2 d5 23. exd5 Bxd5 24. Bxd5 Rxd5 25. Rxd5 Qxd5 26. Qb3 Qd7 27. Kh2 h5 28. Rd1 Qf5 29. h4 Rc4 30. Rd6 Bxh4 31. Rxa6 Bxg3+ 32. fxg3 h4 33. Qxb5 hxg3+ 34. Kg2 Qe4+ 35. Kf1 Qf3+ 36.
Kg1 Qxe3+ 37. Kg2 Qf2+ 38. Kh3 Qh2# 0-1

[Event "*** Titled Tuesday Blitz"]
[Site "Chess.com"]
[Date "2019.12.03"]
[Round "2"]
[White "xamax2000"]
[Black "vugarrasulov"]
[Result "0-1"]
[WhiteElo "2562"]
[BlackElo "2796"]
[TimeControl "180+2"]
[EndTime "13:19:33 PST"]
[Termination "vugarrasulov won by resignation"]

1. e4 e5 2. Nf3 Nc6 3. Bb5 a6 4. Ba4 Nf6 5. O-O b5 6. Bb3 Bc5 7. a4 Rb8 8. c3 d6 9. d4 Bb6 10.
a5 Ba7 11. Be3 Ra8 12. h3 O-O 13. Re1 h6 14. Nbd2 Re8 15. Nf1 exd4 16. cxd4 Rxe4 17. Ng3 Re7 18. Qd2 Qf8 19. Nh4 Ne4 20. Nxe4 Rxe4 21. Ng6 Qe8 22. Bd5 Bf5 23. Bxh6 Bxg6 24. Bxe4 Bxe4 25. Bxg7 Qe6 26. f3 d5 27. Bh6 Nxd4 28. Kh1 Nxf3 29. gxf3 Qxh3+ 0-1

[Event "*** Titled Tuesday Blitz"]
[Site "Chess.com"]
[Date "2019.12.03"]
[Round "2"]
[White "Alopekos"]
[Black "rogapa"]
[Result "1-0"]
[WhiteElo "2485"]
[BlackElo "2713"]
[TimeControl "180+2"]
[EndTime "13:19:36 PST"]
[Termination "Alopekos won by resignation"]

1. e4 c5 2. Nc3 Nc6 3. Nge2 g6 4. d4 cxd4 5. Nxd4 Bg7 6. Nxc6 bxc6 7. Bc4 e6 8. O-O d5 9. exd5 cxd5 10. Nxd5 exd5 11.
Bxd5 Be6 12. Bc6+ Kf8 13. Bxa8 Qxa8 14. Qd6+ Ke8 15. Rd1 Nf6 16. Be3 Nd7 17. Bg5 Bf8 18.
Qc7 h6 19. Rxd7 Bxd7 20. Rd1 1-0

[Event "*** Titled Tuesday Blitz"]
[Site "Chess.com"]
[Date "2019.12.03"]
[Round "2"]
[White "Gentlejimmy7"]
[Black "1random"]
[Result "1-0"]
[WhiteElo "2572"]
[BlackElo "2775"]
[TimeControl "180+2"]
[EndTime "13:19:37 PST"]
[Termination "Gentlejimmy7 won by resignation"]

1. d4 d5 2. Nf3 Nf6 3. c4 e6 4. g3 dxc4 5. Bg2 c6 6. O-O b5 7.
b3 cxb3 8. Qxb3 Bb7 9. a4 a6 10. Rd1 Nbd7 11. Nbd2 Be7 12. Ba3 O-O 13. Ne5 Bxa3 14. Qxa3 Qb6 15. Nb3 b4 16. a5 Qb5 17.
Qb2 Nxe5 18. dxe5 Nd5 19. Nd4 Qc5 20. Bxd5 cxd5 21. Rdc1 Qe7 22. Rab1 Rac8 23. Rxc8 Rxc8 24. Qxb4 Qxb4 25. Rxb4 Rc7 26. Rb6 Kf8 27. f4 Ke7 28.
Kf2 g6 29. g4 Kd7 30. f5 exf5 31. gxf5 Kc8 32. f6 Kd7 33. e6+ fxe6 34. f7 Rc8 35.
Nxe6 1-0

[Event "*** Titled Tuesday Blitz"]
[Site "Chess.com"]
[Date "2019.12.03"]
[Round "2"]
[White "TigrVShlyape"]
[Black "2nd_life"]
[Result "1-0"]
[WhiteElo "2852"]
[BlackElo "2473"]
[TimeControl "180+2"]
[EndTime "13:19:39 PST"]
[Termination "TigrVShlyape won by resignation"]

1. d4 Nf6 2. Nf3 g6 3. Bf4 Bg7 4. c3 O-O 5. h3 c5 6. e3 Qb6 7. Qb3 d5 8. Nbd2 Nc6 9. Be2 c4 10. Qa3 Qa5 11. Qxa5 Nxa5 12. b3 b5 13. b4 Nc6 14. a4 bxa4 15. Rxa4 a5 16. Ne5 Bb7 17. bxa5 Rxa5 18. Rxa5 Nxa5 19. O-O Ra8 20. Rb1 Ne8 21.
Bf3 Nd6 22. Nd7 Bc6 23. Nb6 Rb8 24. Nxd5 Rxb1+ 25. Nxb1 Kf8 26. Bxd6 exd6 27. Nb6 Bxf3 28. gxf3 Ke7 29. Nd2 1-0

[Event "*** Titled Tuesday Blitz"]
[Site "Chess.com"]
[Date "2019.12.03"]
[Round "2"]
[White "PowerChessUtah"]
[Black "rezacz"]
[Result "0-1"]
[WhiteElo "2205"]
[BlackElo "2448"]
[TimeControl "180+2"]
[EndTime "13:19:40 PST"]
[Termination "rezacz won by resignation"]

1. d4 d5 2. Bf4 c5 3. c3 Nc6 4.
e3 cxd4 5. exd4 Nf6 6. Nf3 Bg4 7. Be2 e6 8. Nbd2 Be7 9. O-O O-O 10.
h3 Bh5 11. Ne5 Bxe2 12. Qxe2 Nxe5 13. Bxe5 a6 14. Bg3 b5 15. a3 Qb6 16. f4 Bd6 17.
Bh4 Nd7 18. f5 e5 19. Nf3 e4 20. Ng5 h6 21. f6 hxg5 22. Bxg5 Be5 23. fxg7 Bxg7 24.
Qg4 Qe6 25. Qg3 f5 26. Rf4 Nf6 27. Bxf6 Rxf6 28. Raf1 Raf8 29. Qh4 Rh6 30. Qg5 Rg6 31. Qh5 Rh6 32. Qg5 Qg6 33. Rxf5 Rxf5 34. Rxf5 Qxg5 35.
Rxg5 Rd6 36. Kf2 Kf7 37. g4 Bh6 38. Rf5+ Rf6 39. Kg3 Rxf5 40. gxf5 Kf6 0-1

[Event "*** Titled Tuesday Blitz"]
[Site "Chess.com"]
[Date "2019.12.03"]
[Round "2"]
[White "coalescenet"]
[Black "Radzio1987"]
[Result "0-1"]
[WhiteElo "2358"]
[BlackElo "2875"]
[TimeControl "180+2"]
[EndTime "13:19:46 PST"]
[Termination "Radzio1987 won by resignation"]

1. d4 Nf6 2. c4 e6 3. Nc3 Bb4 4. e3 O-O 5. Ne2 Re8 6. a3 Bf8 7. Ng3 d5 8. Be2 b6 9. cxd5 exd5 10. O-O Bb7 11. b4 Nbd7 12. Bb2 a6 13. a4 Bxb4 14.
Bf3 Nf8 15. Qb3 a5 16. Rac1 Ne6 17. Rfd1 Ng5 18. Be2 Qe7 19. Nb5 c6 20. Na3 c5 21.
dxc5 bxc5 22. Nc2 Nge4 23. Nxe4 Nxe4 24. Bb5 Red8 25. Nxb4 axb4 26. Qd3 c4 27. Qe2 c3 28.
Ba1 Qc5 29. Rd4 b3 30. Rxe4 dxe4 31. Rxc3 Qb4 32. h3 Ba6 33. Bxa6 Qxa4 34. Rc1 Qxa6 35. Qg4 Qxa1 36. Rxa1 Rxa1+ 37. Kh2 b2 0-1

[Event "*** Titled Tuesday Blitz"]
[Site "Chess.com"]
[Date "2019.12.03"]
[Round "2"]
[White "Gennady_Kozlov"]
[Black "VladimirBelous"]
[Result "1-0"]
[WhiteElo "2539"]
[BlackElo "2729"]
[TimeControl "180+2"]
[EndTime "13:19:50 PST"]
[Termination "Gennady_Kozlov won by resignation"]

1. b3 d6 2. Bb2 Nd7 3. f4 Ngf6 4. Nf3 c5 5. e3 g6 6. a4 Bg7 7. a5 O-O 8. Bc4 e5 9. fxe5 Ng4 10. O-O Ndxe5 11.
Nxe5 Nxe5 12. Nc3 Nxc4 13. bxc4 Be6 14. d3 Re8 15. Qb1 Qg5 16. Rf3 Bg4 17. Rg3 Rxe3 18. Ne4 Rxe4 19. dxe4 Bxb2 20. Qxb2 h5 21. Qxb7 Re8 22.
Rf1 Re7 23. Qb8+ Kg7 24. Qxd6 Re6 25. Qc7 Re7 26. Qd8 Qe5 27. h3 Rd7 28. Qh4 g5 29.
Rxg4 hxg4 30. Qxg4 Qd4+ 31. Kh2 f6 32. h4 Re7 33.
hxg5 Qe5+ 34. Qg3 Qxg5 35. Qxg5+ fxg5 36. Rf5 Kg6 37. Rxc5 Rxe4 38. Rc7 Kf5 39. Kg3 Rf4 40. Rf7+ 1-0

[Event "*** Titled Tuesday Blitz"]
[Site "Chess.com"]
[Date "2019.12.03"]
[Round "2"]
[White "Bagirova"]
[Black "JoakimVonAnd"]
[Result "1-0"]
[WhiteElo "2115"]
[BlackElo "2385"]
[TimeControl "180+2"]
[EndTime "13:19:50 PST"]
[Termination "Bagirova won by resignation"]

1. e4 c6 2. Nf3 d5 3. Nc3 Bg4 4. d4 e6 5. h3 Bxf3 6. Qxf3 dxe4 7. Qxe4 Nf6 8. Qd3 Nbd7 9. g3 Bd6 10. Bg2 O-O 11. O-O Qc7 12. a4 e5 13. d5 cxd5 14. Nxd5 Nxd5 15. Qxd5 Nf6 16. Qxb7 Qxb7 17. Bxb7 Rab8 18.
Bg2 Rfc8 19. c3 a5 20. Rd1 Bc5 21. Rb1 Ba3 22. b4 axb4 23. cxb4 Bxb4 24. Bd2 Bc5 25. a5 h6 26. a6 Rd8 27. Rxb8 Rxb8 28. Bb7 Rd8 29.
Kf1 Ne8 30. Ke2 Nd6 31. Be3 Bxe3 32. fxe3 Kf8 33. a7 Ke7 34. a8=Q Rxa8 1-0

[Event "*** Titled Tuesday Blitz"]
[Site "Chess.com"]
[Date "2019.12.03"]
[Round "2"]
[White "misha_melnichuk"]
[Black "HiHaruka"]
[Result "1-0"]
[WhiteElo "2510"]
[BlackElo "2285"]
[TimeControl "180+2"]
[EndTime "13:19:52 PST"]
[Termination "misha_melnichuk won on time"]

1. g3 Nf6 2. Bg2 e6 3. Nf3 Be7 4.
O-O b6 5. d4 Bb7 6. c4 c5 7.
Nc3 cxd4 8. Nxd4 Bxg2 9. Kxg2 Qc7 10. b3 a6 11. Bb2 O-O 12. Qd3 Nc6 13. Rfd1 Ne5 14.
Qe3 Qb7+ 15. Nf3 Nxf3 16. Qxf3 Qxf3+ 17. Kxf3 Rfd8 18. e4 d6 19. Rd2 Rd7 20. Rad1 Rad8 21. Ba3 Kf8 22. h3 h5 23. g4 hxg4+ 24. hxg4 Nh7 25.
Ke3 e5 26. Ke2 1-0

[Event "*** Titled Tuesday Blitz"]
[Site "Chess.com"]
[Date "2019.12.03"]
[Round "2"]
[White "Dhaydon19"]
[Black "Firouzja2003"]
[Result "0-1"]
[WhiteElo "2631"]
[BlackElo "3167"]
[TimeControl "180+2"]
[EndTime "13:19:53 PST"]
[Termination "Firouzja2003 won by resignation"]

1. e4 e5 2. Nf3 Nc6 3. Bb5 a6 4. Ba4 d6 5. h3 Bd7 6. O-O g6 7.
d4 Bg7 8. dxe5 dxe5 9. Bg5 Nge7 10. Nc3 h6 11. Be3 O-O 12. Qd2 Kh7 13. Rfd1 Be6 14. Nd5 f5 15. Nxe7 Qxe7 16. Bxc6 bxc6 17. Qa5 fxe4 18. Bc5 Qf7 19. Bxf8 Rxf8 20. Nxe5 Qxf2+ 21. Kh1 e3 22. Nxc6 Bxh3 23. gxh3 Rf3 0-1